 Dungeon Crawl Stone Soup version 0.21-a0-360-g65c131b (webtiles) character file.

1325 Ordine the Magician (level 8, -2/44 HPs)
             Began as a Deep Elf Wizard on Oct 13, 2017.
             Slain by an orc wizard
             ... wielding a +0 dagger
              (3 damage)
             ... while paralysed
             ... on level 5 of the Dungeon.
             The game lasted 00:24:06 (5232 turns).

Ordine the Magician (Deep Elf Wizard)               Turns: 5232, Time: 00:24:07

Health: -2/44      AC: 12    Str:  4    XL:     8   Next: 34%
Magic:  5/20       EV:  2    Int: 26    God:
Gold:   192        SH:  0    Dex: 13    Spells: 11/20 levels left

rFire    + . .     SeeInvis .   h - +1 dagger
rCold    . . .     Gourm    .   (no shield)
rNeg     . . .     Faith    .   s - +1 leather armour {rF+}
rPois    .         Spirit   .   i - +1 helmet
rElec    .         Reflect  .   e - +0 cloak
rCorr    .         Harm     .   (no gloves)
MR       .....                  o - +0 pair of boots
Stlth    ++........             (no amulet)
HPRegen  0.14/turn              y - +4 ring of protection
MPRegen  0.17/turn              (no ring)

@: paralysed, berserk cooldown, slowed, heavily drained
A: no striking features
a: no special abilities


You were on level 5 of the Dungeon.
You were not hungry.

You visited 1 branch of the dungeon, and saw 5 of its levels.

You collected 192 gold pieces.

Inventory:

Hand Weapons
 h - a +1 dagger (weapon)
Armour
 e - a +0 cloak (worn)
 i - a +1 helmet (worn)
 o - a +0 pair of boots (worn)
 s - a +1 leather armour of fire resistance (worn)
Jewellery
 y - a +4 ring of protection (left hand)
Wands
 r - a wand of scattershot (6/9)
Scrolls
 a - 2 scrolls of enchant weapon
 j - 2 scrolls of teleportation
 v - a scroll of remove curse
 w - a scroll of enchant armour
 x - a scroll of magic mapping
Potions
 b - 3 potions of ambrosia
 g - a potion of invisibility {unknown}
 p - a potion of magic {unknown}
 t - a potion of resistance {unknown}
 u - a potion of haste
 z - a potion of curing
Books
 c - a book of Minor Magic

   Spells                             Type                      Level
   a - Magic Dart                     Conjuration                  1
   b - Blink                          Translocation                2
   c - Call Imp                       Summoning                    2
   d - Slow                           Hexes                        2
   e - Conjure Flame                  Conjuration/Fire             3
   f - Mephitic Cloud                 Conjuration/Poison/Air       3
 l - a book of Misfortune

   Spells                             Type                      Level
   a - Confusing Touch                Hexes                        1
   b - Confuse                        Hexes                        3
   c - Gell's Gravitas                Translocation                3
   d - Petrify                        Transmutation/Earth          4
   e - Metabolic Englaciation         Hexes/Ice                    5
   f - Yara's Violent Unravelling     Hexes/Transmutation          5
Comestibles
 d - 4 bread rations
 f - 2 royal jellies
 n - 2 meat rations
 q - 4 fruits


   Skills:
 + Level 1.8(0.7) Fighting
 * Level 3.4(2.2) Short Blades
 + Level 1.4(0.3) Armour
 + Level 4.3(3.1) Dodging
 - Level 3.0(1.8) Stealth
 + Level 6.6(5.3) Spellcasting
 + Level 5.0(3.7) Conjurations
   Level 1.1(0.0) Summonings
 - Level 3.0(1.8) Translocations
 + Level 3.4(2.2) Fire Magic
 + Level 3.1(1.9) Air Magic
 + Level 0.3(0.0) Evocations


You had 11 spell levels left.
You knew the following spells:

 Your Spells              Type           Power        Failure   Level  Hunger
a - Magic Dart            Conj           ####         2%          1    None
b - Blink                 Tloc           N/A          10%         2    None
c - Conjure Flame         Conj/Fire      ###.....     12%         3    #......
d - Mephitic Cloud        Conj/Pois/Air  ###.....     19%         3    #......


Dungeon Overview and Level Annotations

Branches:
Dungeon (5/15)
 Temple: D:4-7

Altars:
Qazlal
Yredelemnul


Message History

The orc wizard hits you but does no damage.
A jackal comes into view.
The jackal barks!
You puncture the orc wizard!
The orc wizard is heavily wounded.
The orc wizard barely misses you.
You barely miss the orc wizard.
The orc wizard is heavily wounded.
You are no longer berserk.
You pass out from exhaustion.
You feel as though you will be slow longer.
The orc wizard points at you and mumbles some strange words.
The magic dart hits you!
* * * LOW HITPOINT WARNING * * *
The orc wizard hits you but does no damage.
The orc priest mumbles some strange prayers to Beogh against you.
Beogh smites you!
* * * LOW HITPOINT WARNING * * *
The orc wizard hits you with a dagger.
You die...

###......
.......#
###)..(..
.......†#
#.....# #.†.##
#†.#
.......#)#######
.......#@o#....#
.......##o#....#
.......##.#....#
..oo#.##.h.....#
##..#.#...#....#
#..#.o........#
......##.....#
......##.#####
..........#


You could see an orc priest, an orc wizard and a jackal.

Vanquished Creatures
  Sigmund (D:2)
  Duvessa (D:4)
  An ice beast (D:3)
  3 ogres (D:4)
  A bullfrog (D:2)
  Dowan (D:5)
  2 orc priests (D:5)
  A hound (D:3)
  An orc wizard (D:4)
  Jessica (D:2)
  Ijyb (D:3)
  2 iguanas (D:4)
  4 worker ants
  Robin (D:2)
  11 adders
  7 gnolls
  An ooze (D:2)
  2 worms
  3 leopard geckos
  8 orcs
  A giant cockroach (D:2)
  15 goblins
  10 hobgoblins
  9 jackals
  11 kobolds
  3 quokkas
  A ball python (D:3)
  9 bats
  7 frilled lizards
  A leopard gecko skeleton (D:4)
  6 rats
126 creatures vanquished.

Notes
Turn   | Place    | Note
-------+----------+-------------------------------------------
     0 | D:1      | Ordine the Deep Elf Wizard began the quest for the Orb.
     0 | D:1      | Reached XP level 1. HP: 10/10 MP: 7/7
   129 | D:1      | Reached XP level 2. HP: 15/15 MP: 2/9
   219 | D:1      | Learned a level 2 spell: Blink
   546 | D:1      | Reached XP level 3. HP: 19/19 MP: 3/11
   644 | D:1      | Learned a level 3 spell: Conjure Flame
   648 | D:1      | Learned a level 3 spell: Mephitic Cloud
   774 | D:2      | Noticed Robin
  1577 | D:2      | Reached XP level 4. HP: 24/24 MP: 4/12
  1590 | D:2      | Killed Robin
  1683 | D:2      | Reached skill level 5 in Spellcasting
  1690 | D:2      | Noticed Sigmund
  1769 | D:2      | Killed Sigmund
  1769 | D:2      | Reached skill level 1 in Fire Magic
  1769 | D:2      | Reached skill level 1 in Air Magic
  1769 | D:2      | Reached XP level 5. HP: 17/28 MP: 2/15
  1908 | D:2      | Reached XP level 6. HP: 32/32 MP: 13/16
  1948 | D:2      | Noticed Jessica
  1954 | D:2      | Killed Jessica
  2599 | D:3      | Noticed an ice beast
  2613 | D:3      | Killed an ice beast
  2613 | D:3      | Reached skill level 1 in Short Blades
  2738 | D:3      | Reached XP level 7. HP: 37/37 MP: 5/17
  3030 | D:3      | Noticed Ijyb
  3051 | D:3      | Killed Ijyb
  3051 | D:3      | Reached skill level 6 in Spellcasting
  3222 | D:3      | Reached skill level 1 in Fighting
  4596 | D:4      | Reached skill level 1 in Armour
  4596 | D:4      | Reached XP level 8. HP: 43/43 MP: 0/19
  4812 | D:5      | Entered Level 5 of the Dungeon
  4812 | D:5      | Found a stormy altar of Qazlal.
  4812 | D:5      | Found a basalt altar of Yredelemnul.
  4812 | D:5      | Noticed Duvessa
  4812 | D:5      | Noticed Dowan
  4865 | D:5      | Killed Dowan
  4903 | D:4      | Killed Duvessa
  5084 | D:5      | Got a fine ring mail
  5105 | D:5      | Identified the +8 ring mail "Xogumiozas" {*Drain rElec Regen+ Str+2} (You found it on level 5 of the Dungeon)
  5220 | D:5      | Reached skill level 5 in Conjurations
  5231 | D:5      | HP: 1/44 [orc priest/divine providence (11)]
  5232 | D:5      | Slain by an orc wizard

Vault maps used:
D:1:      dpeg_arrival_windows_large_door, st_stairs_4, serial_bayou_pond_b
D:2:      uniq_jessica, uniq_sigmund, uniq_robin
D:3:      first_bread, uniq_ijyb
D:4:      kennysheep_potato
D:5:      vehumet_altar_wand_db, nicolae_qazlal_general_emergency,
          overflow_temple_1_default, uniq_eustachio, uniq_edmund, uniq_duvessa

Skill      XL: |  1  2  3  4  5  6  7  8 |
---------------+-------------------------+-----
Conjurations   | 2 3 4 5 |  5.0
Dodging        | 3 4 |  4.3
Stealth        | 3 |  3.0
Spellcasting   | 5 6 |  6.6
Translocations | 2 3 |  3.0
Fire Magic     | 1 2 3 |  3.4
Air Magic      | 1 2 3 |  3.1
Short Blades   | 1 2 3 |  3.4
Fighting       | 1 |  1.8
Armour         | 1 |  1.4
Summonings     | |  1.1
Evocations     | |  0.3

Action                   |  1- 3 |  4- 6 |  7- 9 || total
-------------------------+-------+-------+-------++-------
Melee: Dagger            |    27 |     8 |    65 ||   100
       Club              |       |       |     3 ||     3
 Cast: Magic Dart        |    85 |    82 |   138 ||   305
       Mephitic Cloud    |     2 |     6 |     9 ||    17
       Blink             |     1 |       |     3 ||     4
       Conjure Flame     |       |     3 |     6 ||     9
  Use: Potion            |     1 |     2 |     2 ||     5
       Scroll            |       |     5 |     5 ||    10
 Stab: Confused          |       |     2 |     6 ||     8
  Eat: Chunk             |     1 |       |     7 ||     8
       Meat ration       |       |     1 |       ||     1
Armor: Robe              |    12 |     1 |     2 ||    15
       Leather armour    |       |       |    27 ||    27
Dodge: Dodged            |    37 |     7 |    63 ||   107

Table legend:
 A = Spawn XP
 B = Non-spawn XP
 C = Spawn XP percentage of total XP
 D = Spawn monster count
 E = Non-spawn monster count
 F = Spawn count percentage of total count
 G = Total turns spent on level
                    A         B        C        D         E        F      G
               +---------+---------+-------+---------+---------+-------+---------
         Total |       0 |    1893 |   0.0 |       0 |     126 |   0.0 |  5232
               +---------+---------+-------+---------+---------+-------+---------
           D:1 |       0 |      77 |   0.0 |       0 |      38 |   0.0 |  1540
           D:2 |       0 |     474 |   0.0 |       0 |      27 |   0.0 |   857
           D:3 |       0 |     365 |   0.0 |       0 |      31 |   0.0 |  1188
           D:4 |       0 |     708 |   0.0 |       0 |      16 |   0.0 |  1444
           D:5 |       0 |     269 |   0.0 |       0 |      14 |   0.0 |   203
               +---------+---------+-------+---------+---------+-------+---------
